Map: Thunderbird LE

Players

PeLLy

  • Race: Zerg Zerg
  • League: Diamond
  • Spawn Location: 11:00

Moppzilla - Winner!

  • Race: Protoss Protoss
  • League: Diamond
  • Spawn Location: 5:00

VOD

Have the link to the VOD?

Description

Time

  • Played on: Aug. 16, 2019, 3:34 p.m.
  • Length: 16:11
Show
View Real Time Build Order
Export as new Build Order

PeLLy Zerg 

Build Orders: Hatch First, Roach Hydra 

Get SALT Encoding   

  12  0:00  Drone  
  13  0:14  Overlord  
  13  0:22  Drone  
  14  0:33  Drone x2  
  16  0:51  Hatchery  
  16  0:52  Drone  
  16  0:56  Drone  
  17  1:01  Drone  
  18  1:15  Evolution Chamber  
  18  1:16  Evolution Chamber  
  18  1:18  Spawning Pool  
  18  1:21  Drone  
  18  1:26  Drone  
  19  1:32  Drone  
  20  1:41  Drone  
  21  1:52  Overlord  
  21  2:05  Queen  
  23  2:12  Queen  
  25  2:15  Drone  
  25  2:18  Drone, Hatchery  
  25  2:22  Drone  
  27  2:30  Drone x3  
  27  2:36  Drone  
  31  2:51  Drone x2  
  31  2:52  Drone  
  34  2:59  Drone x2  
  36  3:07  Overlord x2  
  36  3:11  Extractor  
  36  3:12  Extractor, Queen  
  36  3:17  Extractor  
  36  3:19  Drone  
  36  3:22  Overlord x3  
  36  3:24  Overlord  
  36  3:25  Overlord  
  36  3:42  Drone  
  36  3:43  Drone x5  
  36  3:46  Drone x4  
  46  4:01  Lair  
  46  4:14  Evolution Chamber  
  46  4:15  Evolution Chamber  
  46  4:16  Drone, Roach Warren  
  47  4:17  Drone x5  
  47  4:18  Drone  
  47  4:20  Extractor  
  50  4:24  Drone  
  50  4:28  Drone x3  
  50  4:29  Drone  
  50  4:30  Drone  
  55  4:41  Zerg Missile Weapons Level 1  
  55  4:43  Zergling x12  
  61  4:48  Zerg Melee Weapons Level 1  
  61  4:51  Drone  
  61  4:52  Drone  
  63  4:57  Spore Crawler  
  60  5:10  Drone x4  
  64  5:20  Spore Crawler  
  64  5:21  Hydralisk Den  
  62  5:22  Spore Crawler  
  62  5:24  Spore Crawler  
  62  5:25  Queen  
  62  5:27  Drone x7  
  69  5:35  Roach x2  
  73  5:38  Glial Reconstitution  
  73  5:48  Metabolic Boost  
  77  5:50  Roach x7  
  77  5:53  Baneling Nest, Hydralisk, Grooved Spines  
  88  6:00  Roach  
  90  6:05  Overlord x4  
  90  6:22  Hatchery  
  90  6:23  Extractor  
  88  6:29  Infestation Pit  
  88  6:30  Overseer x2  
  87  6:44  Drone x3  
  87  6:45  Drone  
  90  6:51  Hydralisk  
  90  6:52  Hydralisk x6  
  104  7:02  Drone  
  104  7:03  Drone x9  
  104  7:04  Muscular Augments  
  104  7:07  Extractor  
  113  7:28  Spore Crawler  
  112  7:40  Spore Crawler  
  112  7:43  Spine Crawler  
  110  7:46  Spine Crawler  
  110  7:47  Zergling x4  
  110  7:48  Zergling x28  
  110  7:50  Centrifical Hooks  
  125  8:04  Spore Crawler  
  124  8:14  Baneling x15  
  124  8:25  Roach x2  
  128  8:27  Overlord x4  
  128  8:28  Overlord  
  128  8:33  Baneling x6  
  128  8:34  Baneling x14  
  108  9:02  Hydralisk  
  108  9:03  Hydralisk x15  
  140  9:11  Drone x9  
  140  9:12  Drone x2  
  143  9:26  Zergling x2  
  143  9:28  Overlord x2  
  141  9:39  Overseer  
  141  9:40  Overseer  
  141  9:46  Ravager x7  
  141  9:49  Baneling x2  
  141  9:51  Zergling x22  
  159  9:53  Overlord x4  
  159  10:13  Baneling x19  
  159  10:34  Hydralisk x5  
  159  10:35  Hydralisk x2  
  173  10:52  Extractor  
  173  10:55  Extractor  
  171  10:57  Hatchery  
  171  11:03  Baneling x5  
  170  11:06  Hydralisk x8  
  186  11:42  Hive  
  174  12:33  Overlord x3  
  86  13:04  Hydralisk x14, Roach x7  
  86  13:05  Hydralisk x2, Zergling x2  
  126  13:06  Zergling x20  
  132  13:22  Zergling x12  
  132  13:26  Baneling  
  132  13:27  Baneling x21  
  83  13:49  Hydralisk x18  
  117  13:59  Hydralisk x3  
  123  14:05  Hydralisk  
  107  14:23  Spine Crawler x2  
  107  14:24  Spine Crawler  
  104  14:30  Spire, Hydralisk x8  
  117  14:37  Zergling x6  
  117  14:38  Zergling x12  
  125  14:58  Baneling x10  
  125  14:59  Baneling x2  
  117  15:06  Hydralisk x9  
  91  15:25  Hydralisk x7  
  91  15:26  Hydralisk  
  90  15:43  Hydralisk x2  
  90  15:44  Hydralisk x4  
Show
View Real Time Build Order
Export as new Build Order

Moppzilla Protoss - Winner!

Build Orders: 1 Gate Expand 

Get SALT Encoding   

  12  0:01  Probe  
  13  0:13  Pylon  
  13  0:17  Probe  
  14  0:31  Gateway  
  14  0:33  Probe  
  15  0:42  Assimilator  
  15  0:45  Probe  
  16  0:57  Probe  
  16  0:59  Assimilator  
  17  1:09  Probe  
  18  1:28  Nexus  
  18  1:32  Probe  
  19  1:45  Cybernetics Core  
  19  1:48  Probe  
  19  1:52  Warp Gate  
  20  2:00  Probe  
  20  2:01  Zealot  
  23  2:09  Pylon  
  23  2:27  Probe  
  23  2:28  Stalker  
  26  2:39  Probe  
  26  2:43  Probe  
  28  2:49  Gateway  
  28  2:52  Probe  
  28  2:54  Adept  
  29  3:02  Pylon  
  31  3:08  Probe  
  31  3:09  Probe  
  33  3:20  Probe  
  33  3:21  Probe  
  33  3:22  Shield Battery  
  33  3:24  Shield Battery  
  35  3:32  Probe  
  35  3:34  Probe  
  37  3:44  Probe  
  37  3:45  Gateway  
  37  3:46  Probe  
  37  3:47  Gateway  
  39  3:51  Adept  
  39  3:55  Adept  
  43  3:59  Probe  
  43  4:00  Probe  
  45  4:12  Twilight Council, Probe x2  
  45  4:15  Assimilator  
  47  4:17  Assimilator  
  47  4:24  Pylon, Probe x2  
  48  4:29  Zealot  
  48  4:30  Zealot  
  53  4:37  Probe  
  54  4:42  Pylon  
  54  4:43  Probe  
  55  4:50  Probe  
  56  4:55  Probe  
  56  4:58  Charge  
  57  5:02  Probe  
  57  5:07  Probe  
  57  5:24  Robotics Facility, Nexus  
  57  5:27  Pylon  
  57  5:29  Templar Archives  
  57  5:30  Pylon  
  57  5:31  Pylon  
  57  5:33  Probe x2  
  59  5:36  Zealot x2  
  59  5:38  Sentry  
  59  5:39  Sentry  
  67  5:45  Probe x2  
  67  5:46  Pylon  
  69  5:57  Probe  
  69  5:58  Stargate  
  69  6:03  Probe  
  71  6:05  Protoss Air Weapons Level 1  
  71  6:09  Probe  
  72  6:15  Probe  
  72  6:16  Pylon  
  72  6:18  Pylon  
  73  6:21  High Templar x4, Probe  
  73  6:22  Psionic Storm  
  82  6:27  Probe  
  82  6:28  Warp Prism  
  85  6:33  Probe  
  85  6:36  Assimilator  
  85  6:39  Probe x2  
  88  6:40  Assimilator  
  88  6:45  Probe  
  89  6:51  Probe  
  90  6:55  Probe  
  90  6:57  Probe  
  90  6:58  Forge  
  90  7:00  Forge  
  92  7:02  High Templar  
  92  7:03  Probe  
  92  7:04  Zealot x3  
  101  7:08  Void Ray  
  101  7:21  Observer  
  106  7:23  Protoss Ground Weapons Level 1, Protoss Ground Armor Level 1  
  106  7:29  Pylon, Probe x2  
  108  7:48  High Templar  
  108  7:49  Void Ray  
  108  7:50  Zealot x3  
  116  7:53  Probe x3  
  116  7:54  Immortal  
  127  8:05  Probe x2  
  129  8:19  Nexus  
  129  8:22  Pylon, Photon Cannon  
  129  8:23  Immortal, Photon Cannon  
  129  8:24  Void Ray  
  129  8:25  Pylon, Photon Cannon  
  129  8:27  Assimilator  
  129  8:29  Photon Cannon  
  129  8:32  Shield Battery, Assimilator  
  137  8:35  Shield Battery  
  137  8:36  High Templar x2  
  121  9:40  Probe x2  
  121  9:43  Void Ray  
  123  9:52  Gateway  
  123  9:53  Gateway  
  123  9:56  Gateway, Immortal  
  123  9:58  Gateway, Zealot x2, Nexus  
  123  9:59  Zealot x2  
  139  10:00  Gateway  
  139  10:02  Pylon  
  139  10:05  Pylon  
  137  10:19  Zealot x2  
  137  10:21  High Templar x2  
  145  10:26  Void Ray  
  145  10:27  Protoss Ground Weapons Level 2  
  145  10:28  Protoss Ground Armor Level 2  
  149  10:32  Fleet Beacon  
  153  10:35  Immortal  
  153  10:47  High Templar x2  
  157  11:09  Nexus  
  157  11:10  Void Ray  
  161  11:13  Pylon  
  161  11:15  Pylon  
  161  11:20  Zealot x3, Pylon  
  161  11:21  Zealot x2  
  161  11:23  Assimilator  
  161  11:25  Assimilator  
  171  11:33  Photon Cannon  
  171  11:35  Photon Cannon  
  171  11:39  Photon Cannon  
  171  11:42  Shield Battery, Photon Cannon  
  171  11:46  Shield Battery  
  171  11:50  Probe x3  
  171  11:52  Void Ray  
  171  11:54  Pylon  
  178  11:56  Pylon  
  176  12:02  Mothership  
  182  12:26  Zealot x3  
  182  12:27  Zealot x2  
  182  12:28  Zealot x3  
  198  12:31  Zealot  
  200  12:42  Stargate  
  200  12:44  Stargate  
  200  12:46  Stargate  
  200  12:49  Stargate  
  157  13:02  Zealot x5  
  157  13:03  Zealot x4  
  169  13:07  Probe  
  169  13:08  Probe x2  
  172  13:19  Probe  
  163  13:20  Probe x2  
  159  13:42  Nexus  
  159  13:46  Pylon  
  149  13:49  Pylon  
  149  13:52  Pylon  
  145  13:57  Unknown  
  145  13:59  Unknown  
  129  14:17  Zealot  
  129  14:18  Zealot x5  
  129  14:19  Zealot x3  
  147  14:28  Carrier x2  
  147  14:29  Carrier x2  
  171  14:55  High Templar x4  
  171  14:56  High Templar  
  171  14:57  High Templar x2  
  171  14:58  Zealot x2  
  167  15:32  Nexus  
  167  15:34  Pylon  
  179  15:37  Pylon  
  179  15:40  Pylon  
  177  15:43  Assimilator  
  177  15:46  Assimilator  
Tags
 
Add a new tag
Caveats
  • Supply blocks, unpowered buildings, or Contaminate may cause inaccurate times.
  • Supply counts are checked every 10 seconds.